 Dungeon Crawl Stone Soup version 0.30-a0-728-gc68057be0a (webtiles) character file.

Game seed: 5901972462369944882

23 warriortoast the Trooper (level 3, -1/31 HPs)
             Began as a Barachi Fighter on Jan 31, 2023.
             Slain by Crazy Yiuf
             ... wielding a +2 quarterstaff of chaos
              (10 damage)
             ... on level 2 of the Dungeon.
             The game lasted 00:02:56 (1595 turns).

warriortoast the Trooper (Barachi Fighter)          Turns: 1595, Time: 00:02:56

Health: -1/31      AC:  9    Str: 19    XL:     3   Next: 0%
Magic:  3/3        EV:  9    Int:  8    God:
Gold:   99         SH:  4    Dex: 11    Spells: 2/2 levels left

rFire   . . .      SeeInvis .    a - +0 war axe
rCold   . . .      Faith    .    c - +0 buckler
rNeg    . . .      Spirit   .    b - +0 scale mail
rPois   .          Reflect  .    (no helmet)
rElec   +          Harm     .    q - +0 cloak
rCorr   .          Rampage  .    (no gloves)
Will    .....                    o - +0 pair of boots "Caeqecoa" {rElec Stlth+}
Stlth   +                        (no amulet)
HPRegen 0.25/turn                (no ring)
MPRegen 0.08/turn                (no ring)

@: lethally poisoned (-1 -> -2), slow
A: amphibious, slowness 1, strong legs 1, +LOS
a: Hop


You were on level 2 of the Dungeon.
You visited 1 branch of the dungeon, and saw 2 of its levels.

You collected 99 gold pieces.

Inventory:

Hand Weapons
 a - a +0 war axe (weapon)
Missiles
 h - 5 javelins (quivered)
Armour
 b - a +0 scale mail (worn)
 c - a +0 buckler (worn)
 o - the +0 pair of boots "Caeqecoa" (worn) {rElec Stlth+}
   (You found it on level 2 of the Dungeon)

   rElec:     It insulates you from electricity.
   Stlth:     It makes you more stealthy.
 q - a +0 cloak (worn)
Scrolls
 e - a scroll of poison {unknown}
 f - 5 scrolls of identify {unknown}
 g - 2 scrolls of brand weapon {unknown}
 j - a scroll of enchant armour {unknown}
 k - a scroll of fear {unknown}
 m - a scroll of teleportation {unknown}
 p - 2 scrolls of blinking {unknown}
Potions
 d - a potion of might
 i - 2 potions of curing {unknown}
 l - a potion of degeneration {unknown}
 n - a potion of magic {unknown}
 r - a potion of cancellation {unknown}


   Skills:
 + Level 4.3 Fighting
 + Level 3.0 Axes
 - Level 3.6 Armour
 - Level 3.2 Shields


You had 2 spell levels left.
You didn't know any spells.
Your spell library was empty.

Dungeon Overview and Level Annotations

Branches:
Dungeon (2/15)

Altars:

Annotations:
D:2 Crazy Yiuf


Innate Abilities, Weirdness & Mutations

You are amphibious.
You cover ground slowly.
You can hop short distances.
You have an extended range of vision and can be seen from far away.


Message History

Found a stone staircase leading up.
Found a stone staircase leading up.
You now have 99 gold pieces (gained 15).
Found 2 stones.
Found two hammers.
You see here a +0 hammer.
You see here a +1 hammer of draining.
You see here a +0 hammer.
Found a hammer.
Found a runed translucent door.
Crazy Yiuf shouts!
Crazy Yiuf cries, "Scoff down disdain!"
Okay, then.
You open the door. You completely miss Crazy Yiuf.
Crazy Yiuf laughs, "Rifle high tea!"
You block Crazy Yiuf's attack.
You closely miss Crazy Yiuf.
Crazy Yiuf whimpers, "Fluff!
Cod agre shrimp."
Crazy Yiuf hits you with a +2 quarterstaff of chaos!
You barely miss Crazy Yiuf. Crazy Yiuf hits you but does no damage.
You are poisoned.
Crazy Yiuf yells, "Island!
Goober hand infinity."
Crazy Yiuf closely misses you.
You hit Crazy Yiuf.
Crazy Yiuf is moderately wounded.
You feel very sick. Crazy Yiuf closely misses you.
You slash Crazy Yiuf!
Crazy Yiuf is heavily wounded.
You feel sick. Crazy Yiuf completely misses you.
Crazy Yiuf hits you with a +2 quarterstaff of chaos.
Crazy Yiuf freezes you.
You closely miss Crazy Yiuf.
Crazy Yiuf is heavily wounded.
You feel sick. Crazy Yiuf closely misses you.
You slash Crazy Yiuf!
Crazy Yiuf is almost dead.
You feel sick.
Crazy Yiuf hits you with a +2 quarterstaff of chaos!
You die...

#.....#
#...'.......#..#.
#.#####
######.........#.
#.# #.#.##....#.
#.# #####
#.#.##...†#. ###
#..)#
#.#.##....#.
#...#
#.#.##.#..#. ...
#.........#. #g#
###.####..#< ##@#
#.......## #.##
#######... ##.#
### #.## #.##
#.#### #.# ##.##
#....# #.##
#.).##
#(...####...
#)...#
#...........
#....#
####.###...#
#.)..# ###
#.......#


You could see Crazy Yiuf.

Vanquished Creatures
  2 worms (D:2)
  4 endoplasms
  A giant cockroach (D:1)
  2 hobgoblins (D:1)
  A kobold (D:2)
  A quokka (D:1)
  3 bats
  A frilled lizard (D:1)
  A rat (D:1)
16 creatures vanquished.

Notes
Turn   | Place    | Note
-------+----------+-------------------------------------------
     0 | D:1      | warriortoast the Barachi Fighter began the quest for the
                  | Orb.
     0 | D:1      | Reached XP level 1. HP: 18/18 MP: 1/1
   242 | D:1      | Reached skill level 4 in Fighting
   242 | D:1      | Reached XP level 2. HP: 19/25 MP: 2/2
   891 | D:2      | Identified the +0 pair of boots "Caeqecoa" {rElec Stlth+}
  1256 | D:2      | Reached XP level 3. HP: 26/31 MP: 3/3
  1584 | D:2      | Found a runed translucent door.
  1585 | D:2      | Noticed Crazy Yiuf
  1595 | D:2      | Slain by Crazy Yiuf

Illustrated notes

Levels and vault maps discovered:
D:1:      amcnicky_arrival_underground_garden, layout_basic, serial_curves,
          eino_curves_01, eino_curves_01, chequers_big_river
D:2:      layout_basic, uniq_crazy_yiuf_cottage

Skill      XL: |  1  2 |
---------------+-------+-----
Fighting       | 4 |  4.3
Axes           | 3 |  3.0
Armour         | |  3.6
Shields        | |  3.2

Action                     || total
---------------------------++-------
  Melee: War axe           ||    49
 Armour: Scale mail        ||    18
  Dodge: Dodged            ||    25
  Block: Buckler           ||     5

Table legend: (Time is in decaauts)
 A = Elapsed time spent in this place.
 B = Non-inter-level travel time spent in this place.
 C = Inter-level travel time spent in this place.
 D = Time resting spent in this place.
 E = Time spent auto-exploring this place.
 F = Levels seen in this place.
 G = Mean time per level.
                   A        B        C        D        E       F      G
               +--------+--------+--------+--------+--------+-----+--------+
         Total |   1899 |   1838 |     61 |     23 |   1611 |   2 |  949.5 |
       Dungeon |   1899 |   1838 |     61 |     23 |   1611 |   2 |  949.5 |
               +--------+--------+--------+--------+--------+-----+--------+

Top non-repeatable levels by time:
     D:2: 1020 daAuts
     D:1: 879 daAuts
